 Dungeon Crawl Stone Soup version 0.32-a0-128-g77eb882913 (webtiles) character file.

Game seed: 3803196177797055054

107153 Sobieck the Bludgeoner (level 16, -4/189 HPs)
             Began as an Oni Berserker on Feb 6, 2024.
             Was a High Priest of Trog.
             Slain by a moth of wrath (12 damage)
             ... on level 1 of the Spider Nest on Feb 7, 2024.
             The game lasted 00:46:27 (23789 turns).

Sobieck the Bludgeoner (Oni Berserker)             Turns: 23789, Time: 00:46:27

Health: -4/189     AC: 13    Str: 31    XL:     16   Next: 46%
Magic:  0/16       EV: 16    Int:  8    God:    Trog [*****.]
Gold:   3599       SH:  0    Dex:  8    Spells: 15/15 levels left

rFire   . . .        a - +2 giant spiked club (venom)
rCold   . . .        (shield currently unavailable)
rNeg    . . .        Y - +0 troll leather armour
rPois   .            M - +2 hat of the Bear Spirit {Spirit, Bear, *Rage Will++}
rElec   .            y - +2 cloak
rCorr   .            (gloves unavailable)
SInv    .            (boots unavailable)
Will    +++..        w - amulet of regeneration
Stlth   +            r - +4 ring of protection
HPRegen 2.11/turn    O - +5 ring of evasion
MPRegen 0.15/turn

%: random rage (20%), guardian spirit
@: lethally poisoned (-4 -> -9), on berserk cooldown, slowed, very slow
A: large, unfitting armour, horns 1, tough skin 1, double potion healing,
drunken brawling
a: Renounce Religion, Berserk, Trog's Hand, Brothers in Arms


You were on level 1 of the Spider Nest.
You worshipped Trog.
Trog was extremely pleased with you.
You visited 4 branches of the dungeon, and saw 23 of its levels.
You also visited: Ossuary and Ice Cave.

You collected 3764 gold pieces.
You spent 165 gold pieces at shops.

Inventory:

Hand Weapons
 a - a +2 giant spiked club of venom (weapon)
Missiles
 j - 35 large rocks
 k - 45 poisoned darts
 l - 19 boomerangs (quivered)
 A - a curare-tipped dart
 G - 9 atropa-tipped darts
 I - 6 darts of dispersal
Armour
 y - a +2 cloak (worn)
 F - a +1 hat
 M - the +2 hat of the Bear Spirit (worn) {Spirit, Bear, *Rage Will++}
   (You found it on level 4 of the Lair of Beasts)

   Bear:      Going berserk makes the wearer exceptionally tough, and they are
   slowed for a shorter time afterward.
   Will++:    It greatly increases your willpower.
   *Rage:     It berserks you when you make melee attacks (+20% chance).
 Y - a +0 troll leather armour (worn)
Jewellery
 r - a +4 ring of protection (left hand)
 u - a ring of positive energy
 v - a ring of ice
 w - an amulet of regeneration (around neck)
 B - a ring of ice
 H - an amulet of reflection
 L - an amulet of faith
 N - a ring of positive energy
 O - a +5 ring of evasion (right hand)
 P - a +5 ring of evasion
 Q - a ring of flight
Wands
 s - a wand of roots (32)
 t - a wand of flame (55)
 E - a wand of mindburst (6)
 R - a wand of paralysis (15)
 U - a wand of light (7)
 V - a wand of digging (6)
Scrolls
 c - 3 scrolls of poison
 h - 9 scrolls of teleportation
 q - 3 scrolls of fog
 x - 3 scrolls of noise
 C - 3 scrolls of vulnerability
 J - a scroll of silence
 W - 2 scrolls of immolation
 X - 2 scrolls of butterflies
Potions
 d - 12 potions of ambrosia
 e - 5 potions of might
 f - 4 potions of attraction
 i - a potion of cancellation
 m - a potion of magic
 n - a potion of enlightenment
 o - 11 potions of curing
 p - 4 potions of heal wounds
 z - a potion of lignification
 D - 6 potions of haste
 S - a potion of berserk rage
 T - a potion of resistance
 Z - a potion of mutation
Miscellaneous
 b - a condenser vane
 g - a box of beasts
 K - a phial of floods


   Skills:
 + Level 19.0 Fighting
 * Level 20.9 Maces & Flails
 + Level 8.6 Throwing
 + Level 4.3 Armour
 - Level 8.0 Dodging
 - Level 5.0 Evocations


You had 15 spell levels left.
You didn't know any spells.
Your spell library was empty.

Dungeon Overview and Level Annotations

Branches:
Dungeon (15/15)            Temple (0/1) D:5            Lair (5/5) D:8
  Swamp (0/4) Lair:3       Spider (1/4) Lair:2        Slime (0/5) Lair:4
    Orc (2/2) D:12            Elf (0/3) Orc:2        Vaults (0/5) D:13
 Depths (0/4) D:15        Ossuary (visited)           IceCv (visited)

Altars:
Elyvilon
Fedhas
Kikubaaqudgha
Sif Muna

Shops:
D:5 (   D:6 (   Orc:1 [?   Orc:2 *((=

Annotations:
D:3 exclusion: oklob plant
D:10 4 transporters


Innate Abilities, Weirdness & Mutations

You are too large for most types of armour.
You have a pair of small horns on your head.
You have tough skin. (AC +1)
You gain doubled healing and magic from potions.
Whenever you drink a healing potion, you attack all around you.


Message History

* * * LOW HITPOINT WARNING * * *
The wolf spider bites you!
* * * LOW HITPOINT WARNING * * *
You are more poisoned.
The wolf spider poisons you! The moth of wrath closely misses you.
The wolf spider hits you!!
* * * LOW HITPOINT WARNING * * *
The wolf spider bites you!
* * * LOW HITPOINT WARNING * * *
You are too injured to fight recklessly!
You are too injured to fight recklessly!
You are too injured to fight recklessly!
You are too injured to fight recklessly!
You puncture the wolf spider!
The wolf spider is poisoned.
You headbutt the wolf spider.
The wolf spider is lightly wounded.
You feel extremely sick. The wolf spider hits you.
* * * LOW HITPOINT WARNING * * *
The wolf spider closely misses you.
The orb spider pulsates with a strange energy.
The moth of wrath bites you but does no damage.
The wolf spider misses you. x2
Unknown command.
You closely miss the wolf spider. You headbutt the wolf spider.
The wolf spider is moderately wounded.
You feel extremely sick. The wolf spider barely misses you.
The wolf spider closely misses you. The wolf spider hits you!
* * * LOW HITPOINT WARNING * * *
The wolf spider bites you.
* * * LOW HITPOINT WARNING * * *
The moth of wrath closely misses you. The wolf spider misses you.
The wolf spider bites you!
* * * LOW HITPOINT WARNING * * *
Unknown command.
You bludgeon the wolf spider!!
The wolf spider looks as sick as possible!
The wolf spider is severely wounded.
You feel extremely sick. The wolf spider hits you!!
* * * LOW HITPOINT WARNING * * *
The wolf spider barely misses you.
The orb of destruction hits a rock wall.
The moth of wrath bites you!
* * * LOW HITPOINT WARNING * * *
The wolf spider closely misses you.
The wolf spider bites you but does no damage.
The tarantella closely misses you. The moth of wrath bites you!
You die...

....... ..
.....## ..
...#.....# ...
...#...^^# ....
..[....s?##.....
.........#.......
#.....s........
##....@s........
#....°.y........
#....°..........
##.............
#....○.††.#..
##....°°○○# .
##.......#
###........#
#.........##


You could see a wolf spider (berserk, extremely poisoned), a moth of wrath, an
orb spider (charged) and a tarantella.

Vanquished Creatures
  Jorgrun (Orc:1)
  Gastronok (Lair:1)
  Agnes (D:15)
  A dire elephant (Lair:4)
  Azrael (D:14)
  A white draconian (IceCv)
  An entropy weaver (Spider:1)
  3 ettins
  5 hydras
  A catoblepas (Lair:4)
  3 ogre magi
  A centaur warrior (D:14)
  3 boulder beetles
  13 death yaks
  16 two-headed ogres
  A tengu warrior (D:15)
  An orc high priest (Orc:2)
  6 skeletal warriors (D:11)
  2 pharaoh ants (Spider:1)
  2 deep trolls (Orc:2)
  An orb spider (Spider:1)
  A lindwurm (Lair:4)
  2 orc knights
  A harpy (shapeshifter) (D:15)
  A necromancer (D:15)
  3 wolf spiders (Spider:1)
  2 orc sorcerers
  A cyclops (shapeshifter) (D:14)
  14 ugly things
  2 meliai (D:14)
  A moth of wrath (Spider:1)
  6 cyclopes
  3 deep elf pyromancers
  5 black mambas
  2 kobold blastminers (Orc:1)
  2 torpor snails
  2 ice statues (IceCv)
  An elephant (Lair:4)
  14 cane toads
  8 rime drakes
  Jeremiah (D:8)
  2 tengu conjurers (D:15)
  10 komodo dragons
  13 trolls
  4 polar bears
  A queen bee (D:14)
  14 blink frogs
  A dream sheep (Lair:5)
  Grinder (D:4)
  6 hornets (Lair:5)
  9 slime creatures
  6 wyverns
  A water elemental (D:11)
  A human (shapeshifter) (D:15)
  A shadow (D:12)
  2 ynoxinuls (D:11)
  4 culicivoras (Spider:1)
  29 yaks
  A vampire (D:14)
  10 jumping spiders (Spider:1)
  14 spriggans (Lair:5)
  2 wargs
  3 wraiths
  5 basilisks
  2 fire elementals (D:14)
  8 redbacks
  2 steam dragons
  A swamp worm (Lair:3)
  3 acid dragons
  6 hell hounds (D:14)
  10 water moccasins
  3 black bears (Lair:5)
  19 orc warriors
  2 laughing skulls (D:15)
  2 ice beasts
  3 boggarts (Lair:5)
  3 centaurs
  A tengu (shapeshifter) (D:15)
  19 ogres
  33 wolves
  3 kobold brigands
  14 bullfrogs
  3 scorpions
  A gnoll sergeant (D:8)
  3 wights (D:9)
  37 killer bees
  2 lindwurm simulacra (IceCv)
  3 electric eels
  5 komodo dragon simulacra (IceCv)
  5 jellies
  2 hounds
  9 orc priests
  A gnoll bouda (D:9)
  3 iguanas
  Natasha (twice) (D:2)
  11 orc wizards
  8 mummies (Ossuary)
  7 acid dragon simulacra (IceCv)
  7 adders
  20 gnolls
  A river rat (D:8)
  A shadow imp (D:8)
  16 white imps (D:11)
  9 ufetubi (D:11)
  6 steam dragon simulacra (IceCv)
  7 dart slugs
  3 ribbon worms
  69 orcs
  5 endoplasms
  3 giant cockroaches
  12 goblins
  8 hobgoblins
  8 jackals
  22 kobolds
  8 quokkas
  8 ball pythons
  4 bats
  2 frilled lizards
  2 gnoll zombies (Ossuary)
  4 hobgoblin zombies (Ossuary)
  2 kobold zombies (Ossuary)
  7 rats
747 creatures vanquished.

Vanquished Creatures (collateral kills)
  A demonic crawler (Spider:1)
  A deep troll (D:15)
  A meliai (D:14)
  2 jumping spiders (Spider:1)
  A culicivora (Spider:1)
  2 redbacks (Spider:1)
  6 killer bees (D:14)
  A komodo dragon simulacrum (IceCv)
15 creatures vanquished.

Vanquished Creatures (others)
  A human (D:3)
1 creature vanquished.

Grand Total: 763 creatures vanquished

Notes
Turn   | Place    | Note
-------+----------+-------------------------------------------
     0 | D:1      | Sobieck the Oni Berserker began the quest for the Orb.
     0 | D:1      | Reached XP level 1. HP: 24/24 MP: 1/1
   319 | D:1      | Reached XP level 2. HP: 33/33 MP: 2/2
   717 | D:1      | Reached XP level 3. HP: 40/40 MP: 3/3
  1031 | D:2      | Reached ** piety under Trog
  1148 | D:2      | Noticed Natasha
  1155 | D:2      | Killed Natasha
  1156 | D:2      | Reached skill level 4 in Maces & Flails
  1156 | D:2      | Reached XP level 4. HP: 44/50 MP: 4/4
  1539 | D:2      | Reached XP level 5. HP: 55/59 MP: 5/5
  1639 | D:2      | Noticed Natasha
  1646 | D:2      | Killed Natasha
  1647 | D:2      | Reached skill level 6 in Fighting
  2044 | D:3      | Found an ancient bone altar of Kikubaaqudgha.
  2055 | D:3      | Noticed a human
  2056 | D:3      | Killed a human
  2088 | D:3      | Reached skill level 5 in Maces & Flails
  2145 | D:3      | Reached XP level 6. HP: 64/68 MP: 6/6
  2187 | D:3      | Reached *** piety under Trog
  2286 | D:3      | Found a blossoming altar of Fedhas.
  2313 | D:3      | Noticed an oklob plant
  3032 | D:4      | Noticed Grinder
  3043 | D:4      | Killed Grinder
  3044 | D:4      | Reached XP level 7. HP: 79/79 MP: 7/7
  3337 | D:4      | Reached skill level 6 in Maces & Flails
  3920 | D:5      | Entered Level 5 of the Dungeon
  4154 | D:5      | Found Vuweox's Weapon Shop.
  4376 | D:5      | Found a staircase to the Ecumenical Temple.
  4397 | D:5      | Identified the +1 pair of boots of Eternal Night {rC+}
  4469 | D:5      | Reached skill level 7 in Maces & Flails
  4740 | D:6      | Reached XP level 8. HP: 62/88 MP: 8/8
  4888 | D:6      | Found a shimmering blue altar of Sif Muna.
  4916 | D:6      | Found Tupnyis's Weapon Shop.
  4923 | D:6      | Bought a +1 dire flail of venom for 165 gold pieces
  4972 | D:6      | Reached skill level 8 in Maces & Flails
  5108 | D:6      | Identified the +4 dagger of Cheibriados, Hungering {freeze,
                  | Int+3}
  5238 | D:6      | Reached skill level 9 in Maces & Flails
  5763 | D:7      | Found a sand-covered staircase.
  5768 | Ossuary  | Entered an ossuary
  6185 | Ossuary  | Identified a scroll of acquirement
  6185 | Ossuary  | Acquired 858 gold pieces
  6220 | D:7      | Reached skill level 10 in Maces & Flails
  6257 | D:7      | Noticed a deep elf pyromancer
  6271 | D:7      | Killed a deep elf pyromancer
  6272 | D:7      | Reached XP level 9. HP: 32/97 MP: 9/9
  6549 | D:7      | Reached **** piety under Trog
  6673 | D:8      | Noticed Jeremiah
  6677 | D:8      | Noticed a death yak
  6700 | D:7      | Killed a death yak
  6701 | D:7      | Reached skill level 9 in Fighting
  6701 | D:7      | Reached skill level 3 in Throwing
  6753 | D:8      | Noticed a death yak
  6753 | D:8      | Noticed a death yak
  6764 | D:7      | Killed a death yak
  6765 | D:7      | Reached skill level 11 in Maces & Flails
  6818 | D:7      | Killed a death yak
  6819 | D:7      | Reached XP level 10. HP: 83/111 MP: 10/10
  6866 | D:8      | Killed Jeremiah
  6996 | D:8      | Identified the +1 spear "Atoappexo" {elec, Dex+3}
  7230 | D:8      | Identified the +1 leather armour "Mannaic" {rF- Will++
                  | Int+3 Stlth+}
  7344 | D:8      | Found a staircase to the Lair.
  7559 | D:9      | Reached skill level 6 in Throwing
  7939 | D:9      | Reached ***** piety under Trog
  8069 | D:9      | Noticed a two-headed ogre
  8081 | D:9      | Killed a two-headed ogre
  8082 | D:9      | Reached skill level 12 in Fighting
  8082 | D:9      | Reached skill level 12 in Maces & Flails
  8150 | D:9      | Reached XP level 11. HP: 123/123 MP: 11/11
  8171 | D:9      | Noticed a two-headed ogre
  8177 | D:9      | Killed a two-headed ogre
  8468 | D:10     | Entered Level 10 of the Dungeon
  8530 | D:10     | Found a transporter.
  8633 | D:10     | Found a transporter.
  8646 | D:10     | Found a transporter.
  8646 | D:10     | Found a transporter.
  8648 | D:10     | Found a transporter.
  8648 | D:10     | Found a transporter.
  9296 | D:11     | Noticed a two-headed ogre
  9312 | D:11     | Killed a two-headed ogre
  9312 | D:11     | Received a gift from Trog
  9568 | D:11     | Noticed a skeletal warrior
  9570 | D:11     | Noticed a skeletal warrior
  9607 | D:11     | Killed a skeletal warrior
  9608 | D:11     | Reached skill level 13 in Maces & Flails
  9615 | D:11     | Killed a skeletal warrior
  9692 | D:11     | Noticed a skeletal warrior
  9728 | D:11     | Killed a skeletal warrior
  9850 | D:11     | Found a frozen archway.
  9899 | IceCv    | Entered an ice cave
 10197 | IceCv    | Identified the +0 pair of boots "Gupotiec" {Int+3}
 10320 | IceCv    | Noticed a white draconian
 10331 | IceCv    | Reached XP level 12. HP: 134/140 MP: 12/12
 10336 | IceCv    | Killed a white draconian
 10337 | IceCv    | Reached skill level 15 in Fighting
 10337 | IceCv    | Reached skill level 14 in Maces & Flails
 11148 | D:12     | Noticed a boulder beetle
 11190 | D:11     | Killed a boulder beetle
 11191 | D:11     | Reached skill level 15 in Maces & Flails
 11316 | D:12     | Noticed a two-headed ogre
 11326 | D:12     | Killed a two-headed ogre
 11332 | D:12     | Noticed a boulder beetle
 11347 | D:12     | Killed a boulder beetle
 11542 | D:12     | Found a staircase to the Orcish Mines.
 11815 | D:12     | Reached skill level 16 in Maces & Flails
 12388 | D:13     | Reached skill level 3 in Dodging
 12388 | D:13     | Reached skill level 1 in Evocations
 12561 | D:13     | Noticed a two-headed ogre
 12561 | D:13     | Noticed a two-headed ogre
 12567 | D:13     | Noticed an ogre mage
 12572 | D:13     | Killed a two-headed ogre
 12578 | D:13     | Killed a two-headed ogre
 12581 | D:13     | Paralysed by an ogre mage for 5 turns
 12590 | D:13     | Killed an ogre mage
 12591 | D:13     | Reached XP level 13. HP: 114/150 MP: 13/13
 12627 | D:13     | Found a gate to the Vaults.
 13146 | D:14     | Noticed Azrael
 13164 | D:14     | Killed Azrael
 13226 | D:14     | Reached skill level 3 in Evocations
 13525 | D:14     | Reached skill level 17 in Maces & Flails
 14000 | D:15     | Entered Level 15 of the Dungeon
 14070 | D:15     | Noticed Agnes
 14082 | D:15     | Killed Agnes
 14443 | D:15     | Reached XP level 14. HP: 130/163 MP: 14/14
 14755 | D:15     | Found a staircase to the Depths.
 14761 | D:15     | Reached skill level 6 in Dodging
 15631 | Lair:1   | Entered Level 1 of the Lair of Beasts
 15997 | Lair:1   | Noticed Gastronok
 16012 | Lair:1   | Killed Gastronok
 16013 | Lair:1   | Reached skill level 18 in Maces & Flails
 16711 | Lair:2   | Found a hole to the Spider Nest.
 17774 | Lair:3   | Reached skill level 19 in Maces & Flails
 17989 | Lair:3   | Found a staircase to the Swamp.
 18085 | Lair:3   | You fall into a shaft and drop 2 floors!
 18085 | Lair:5   | Entered Level 5 of the Lair of Beasts
 18269 | Lair:4   | Found a staircase to the Slime Pits.
 18275 | Lair:4   | Reached XP level 15. HP: 176/176 MP: 15/15
 18290 | Lair:4   | Reached skill level 18 in Fighting
 18856 | Lair:4   | Reached skill level 20 in Maces & Flails
 18856 | Lair:4   | Upgraded the game from 0.32-a0-120-gfac0567ad4 to
                  | 0.32-a0-128-g77eb882913
 19055 | Lair:4   | Found a white marble altar of Elyvilon.
 19146 | Lair:4   | Found the +2 hat of the Bear Spirit {Spirit, Bear, *Rage
                  | Will++}
 19167 | Lair:4   | Found a runed translucent door.
 19639 | Lair:4   | Reached skill level 1 in Armour
 19649 | Lair:4   | Received a gift from Trog
 20375 | Lair:5   | Paralysed by a hornet for 1 turns
 21392 | Orc:1    | Entered Level 1 of the Orcish Mines
 21395 | Orc:1    | Noticed Jorgrun
 21412 | Orc:1    | Killed Jorgrun
 21498 | Orc:1    | Found Piggaw's Magic Scroll Boutique.
 21577 | Orc:1    | Found Lixoav's Armour Boutique.
 21709 | Orc:2    | Entered Level 2 of the Orcish Mines
 21709 | Orc:2    | Found a staircase to the Elven Halls.
 22188 | Orc:1    | Reached skill level 3 in Armour
 22188 | Orc:1    | Reached XP level 16. HP: 188/188 MP: 7/16
 22684 | Orc:2    | Found Girghav's Weapon Boutique.
 22686 | Orc:2    | Found Jofuitt's Assorted Antiques.
 22694 | Orc:2    | Found Pocety's Antique Weapon Shoppe.
 22695 | Orc:2    | Found Ypsa Podidd's Jewellery Shoppe.
 23338 | Spider:1 | Entered Level 1 of the Spider Nest
 23351 | Spider:1 | Reached ****** piety under Trog
 23405 | Spider:1 | Received a gift from Trog
 23789 | Spider:1 | HP: 8/189 [moth of wrath (11)]
 23789 | Spider:1 | Slain by a moth of wrath

Illustrated notes

Levels and vault maps discovered:
D:1:      dpeg_arrival_morbid_curiosity, layout_basic
D:2:      layout_loops_ring, kennysheep_another_room, uniq_natasha
D:3:      layout_rooms, tgw_kikubaaqudgha, tgw_fedhas,
          chequers_serial_rivers_large_a, minivault_23
D:4:      layout_layer_cave, uniq_grinder
D:5:      layout_basic, minmay_temple_entry_ruins, serial_shops,
          nicolae_shop_just_a_little_nook
D:6:      layout_rooms, nicolae_sif_muna_little_library, serial_shops, shop
D:7:      layout_cave_pools, nicolae_ossuary_entry_plus,
          guppyfry_early_elven_hall
D:8:      layout_rooms, dpeg_lair_monsters, uniq_jeremiah
D:9:      layout_loops_ring, special_room [special_room_orc],
          serial_library_hellmonk_recessed_alcove, grunt_decor_one_mirror,
          corexii_leaking_fountain
D:10:     layout_loops_ring, serial_nicolae_subway, nicolae_sub_station_stone,
          nicolae_sub_station_metal, nicolae_sub_station_crystal
D:11:     layout_stronghold, serial_ice, serial_ice_m, serial_ice_f,
          serial_ice_g, serial_ice_i, portal_ice_cave_entry_imps,
          minmay_misc_feat_square, nicolae_fort_ynox
D:12:     layout_long_grid, orc_0_dummy
D:13:     layout_roguey, david_vaults_2, minmay_statues_item, kennysheep_donut
D:14:     layout_roguey, special_room [special_room_bee],
          chequers_serial_rivers_micro_b, uniq_azrael
D:15:     hangedman_depths_entry_civil_slaughter, layout_stronghold, uniq_agnes
Lair:1:   layout_cellular_growth, infiniplex_staircase_pool, grunt_megastairs_3,
          uniq_gastronok
Lair:2:   layout_roguey, spider_nest_entry_webs, lemuel_fruit_fields
Lair:3:   layout_concentric_octagons, minmay_swamp_entry_worms
Lair:4:   gammafunk_lair_enchanted_lake, layout_long_grid,
          nicolae_slime_entry_field_trip, basic_altar, grunt_megastairs_4
Lair:5:   minmay_lair_end_enchanted_forest, layout_regular_city,
          chequers_serial_rivers_room_b
Spider:1: layout_cave_pods
Orc:1:    layout_caves, serial_shops, nicolae_shop_gibbet_a_chance,
          nicolae_shop_back_alley_shop, uniq_jorgrun
Orc:2:    st_orc_open, layout_caves

Skill      XL: |  1  2  3  4  5  6  7  8  9 10 11 12 13 14 15 16 |
---------------+-------------------------------------------------+-----
Fighting       | 5 6 7 8 10 12 14 15 16 17 18 19 | 19.0
Maces & Flails | 4 5 7 10 11 12 13 16 17 19 20 | 20.9
Throwing       | 2 5 6 7 8 |  8.6
Dodging        | 3 5 7 8 |  8.0
Evocations     | 1 4 5 |  5.0
Armour         | 3 4 |  4.3

Action                     |  1- 3 |  4- 6 |  7- 9 | 10-12 | 13-15 | 16-18 || total
---------------------------+-------+-------+-------+-------+-------+-------++-------
  Melee: Mace              |    24 |       |       |       |       |       ||    24
         Headbutt          |     9 |    12 |    36 |   129 |   201 |    40 ||   427
         Hand axe          |    61 |   105 |    68 |       |       |       ||   234
         Punch             |     2 |     3 |     3 |       |       |       ||     8
         Dire flail        |       |       |   121 |   546 |       |       ||   667
         Giant spiked club |       |       |       |    88 |  1076 |   205 ||  1369
  Throw: Stone             |       |       |       |    72 |     3 |       ||    75
         Boomerang         |       |       |       |       |    14 |       ||    14
 Invoke: Berserk           |       |     1 |     9 |    10 |    17 |       ||    37
         Brothers in Arms  |       |       |       |     1 |     4 |     1 ||     6
         Trog's Hand       |       |       |       |       |     5 |     1 ||     6
    Use: Scroll            |       |     7 |    12 |     8 |     9 |     1 ||    37
         Potion            |       |     1 |       |       |     5 |       ||     6
   Stab: Sleeping          |       |     1 |       |       |       |       ||     1
 Armour: Animal skin       |    58 |    84 |   137 |   139 |       |       ||   418
         Robe              |       |       |       |   258 |   248 |       ||   506
         Troll leather arm |       |       |       |       |   824 |   225 ||  1049
  Dodge: Dodged            |    58 |    57 |    78 |   281 |   968 |   174 ||  1616

Table legend: (Time is in decaauts)
 A = Elapsed time spent in this place.
 B = Non-inter-level travel time spent in this place.
 C = Inter-level travel time spent in this place.
 D = Time resting spent in this place.
 E = Time spent auto-exploring this place.
 F = Levels seen in this place.
 G = Mean time per level.
                   A        B        C        D        E       F      G
               +--------+--------+--------+--------+--------+-----+--------+
         Total |  23934 |  22736 |   1198 |   4119 |  13099 |  25 |  957.4 |
       Dungeon |  14901 |  14007 |    894 |   2220 |   9235 |  15 |  993.4 |
          Lair |   5695 |   5478 |    217 |   1025 |   2905 |   5 | 1139.0 |
   Spider Nest |    455 |    455 |      0 |     97 |      0 |   1 |  455.0 |
  Orcish Mines |   1845 |   1760 |     85 |    353 |    858 |   2 |  922.5 |
       Ossuary |    445 |    445 |      0 |    203 |     98 |   1 |  445.0 |
      Ice Cave |    591 |    591 |      0 |    217 |      3 |   1 |  591.0 |
               +--------+--------+--------+--------+--------+-----+--------+

Top non-repeatable levels by time:
  Lair:4: 1579 daAuts
  Lair:5: 1571 daAuts
    D:15: 1515 daAuts
    D:11: 1431 daAuts
     D:4: 1249 daAuts
    D:14: 1150 daAuts
   Orc:2: 1065 daAuts
     D:7: 1056 daAuts
     D:9: 1052 daAuts
    D:12: 990 daAuts
     D:1: 946 daAuts
     D:3: 921 daAuts
  Lair:3: 898 daAuts
     D:2: 870 daAuts
  Lair:1: 863 daAuts
